 Dungeon Crawl Stone Soup version 0.23.1-37-gaa34b87 (webtiles) character file.

Game seed: 9394041894960830810

12079 kae the Spear-Bearer (level 11, -5/108 HPs)
             Began as a Naga Gladiator on Mar 20, 2019.
             Was a High Priest of Okawaru.
             Slain by a yak (11 damage)
             ... on level 1 of the Lair of Beasts.
             The game lasted 00:16:40 (13792 turns).

kae the Spear-Bearer (Naga Gladiator)              Turns: 13792, Time: 00:16:41

Health: -5/108     AC: 10    Str: 19    XL:     11   Next: 87%
Magic:  11/18      EV: 13    Int: 15    God:    Okawaru [*****.]
Gold:   620        SH:  0    Dex: 12    Spells: 10/10 levels left

rFire    . . .     SeeInvis +   s - +3 demon trident (drain)
rCold    . . .     Gourm    .   (no shield)
rNeg     . . .     Faith    .   A - +0 leather armour
rPois    +         Spirit   .   c - +1 helmet
rElec    .         Reflect  .   G - +1 cloak
rCorr    .         Harm     .   (no gloves)
MR       ++...                  (no barding)
Stlth    +++.......             (no amulet)
HPRegen  0.28/turn              t - +5 ring of intelligence
MPRegen  0.16/turn              z - ring of protection from magic

@: short of breath, heroism, finesse, very slow
A: large, see invisible, deformed body, poison resistance, slowness 2, slow
metabolism 1, spit poison 1, AC +3
a: Spit Poison, Heroism, Finesse, Renounce Religion


You were on level 1 of the Lair of Beasts.
You worshipped Okawaru.
Okawaru was extremely pleased with you.
You were hungry.

You visited 3 branches of the dungeon, and saw 12 of its levels.

You collected 620 gold pieces.

Inventory:

Hand Weapons
 b - a +1 glaive
 s - a +3 demon trident of draining (weapon)
Missiles
 d - 4 throwing nets (quivered)
Armour
 c - a +1 helmet (worn)
 A - a +0 leather armour (worn)
 G - a +1 cloak (worn)
Jewellery
 a - an uncursed ring of magical power
 t - a +5 ring of intelligence (left hand)
 z - a ring of protection from magic (right hand)
Wands
 e - a wand of iceblast (3)
 u - a wand of digging (15)
 B - a wand of enslavement (9)
 C - a wand of acid (12)
Scrolls
 g - 2 scrolls of fear
 h - 2 scrolls of blinking
 j - 2 scrolls of immolation
 k - 3 scrolls of teleportation
 n - 4 scrolls of remove curse
 q - 3 scrolls of enchant weapon
 y - 3 scrolls of enchant armour
 D - 2 scrolls of fog
 E - a scroll of acquirement
 H - a scroll of magic mapping
 I - 3 scrolls of amnesia
Potions
 i - 2 potions of mutation
 l - 2 potions of resistance
 m - a potion of cancellation
 p - 2 potions of curing
 r - a potion of lignification {unknown}
 v - 3 potions of haste {unknown}
 w - 5 potions of flight {unknown}
 x - 2 potions of berserk rage {unknown}
 F - 2 potions of agility {unknown}
Comestibles
 f - 14 rations


   Skills:
 + Level 9.8(14.8) Fighting
 * Level 13.4(18.4) Polearms
 - Level 1.7(6.7) Throwing
 - Level 2.4(7.4) Dodging
 + Level 9.4 Invocations


You had 10 spell levels left.
You didn't know any spells.
Your spell library contained the following spells:

 Spells                   Type           Power        Failure   Level  Hunger
 Animate Skeleton         Necr           N/A          30%         1    ##.....
 Apportation              Tloc           #.....       30%         1    ##.....
 Confusing Touch          Hex            #.....       30%         1    ##.....
 Magic Dart               Conj           #...         30%         1    ##.....
 Summon Butterflies       Summ           #.......     30%         1    ##.....
 Summon Small Mammal      Summ           #...         30%         1    ##.....
 Blink                    Tloc           N/A          43%         2    ###....
 Call Imp                 Summ           #.......     43%         2    ###....
 Slow                     Hex            #.......     43%         2    ###....
 Call Canine Familiar     Summ           #.......     67%         3    ####...
 Conjure Flame            Conj/Fire      #.......     67%         3    ####...
 Mephitic Cloud           Conj/Pois/Air  #.......     67%         3    ####...
 Summon Ice Beast         Ice/Summ       #.......     97%         4    #####..
 Bolt of Magma            Conj/Fire/Erth #.........   100%        5    ######.
 Iskenderun's Battlesphe  Conj/Chrm      #.......     100%        5    ######.
 Summon Mana Viper        Hex/Summ       #.......     100%        5    ######.
 Venom Bolt               Conj/Pois      #.........   100%        5    ######.
 Iron Shot                Conj/Erth      #.........   100%        6    #######
 Orb of Destruction       Conj           #.........   100%        7    #######
 Spellforged Servitor     Conj/Summ      #.........   100%        7    #######
 Summon Hydra             Summ           #.........   100%        7    #######


Dungeon Overview and Level Annotations

Branches:
Dungeon (10/15)            Temple (1/1) D:5            Lair (1/6) D:9
    Orc: D:9-12

Altars:
Ashenzari
Cheibriados
Dithmenos
Elyvilon
Fedhas
Gozag
Hepliaklqana
Kikubaaqudgha
Makhleb
Nemelex Xobeh
Okawaru
Qazlal
Ru
Sif Muna
Trog
Uskayaw
Vehumet
Wu Jian
Xom
Yredelemnul
Zin
The Shining One

Shops:
D:7 =   D:10 (

Annotations:
D:2 Sigmund


Innate Abilities, Weirdness & Mutations

You cannot wear boots.
Your serpentine skin is tough. (AC +3)
You have supernaturally acute eyesight. (SInv)
Armour fits poorly on your strangely shaped body.
Your system is resistant to poisons. (rPois)
You cover ground very slowly.
You have a slow metabolism.
You can spit poison.


Message History

Press: ? - help, Shift-Dir - straight line, f - yak
Aim: a yak (lightly wounded)
The splash of poison hits the yak!
The yak is heavily wounded.
You feel slightly more hungry. The yak closely misses you.
The yak barely misses you.
You puncture the yak!
The yak is severely wounded.
You impale the yak!!
The yak is almost dead.
The yak closely misses you. The yak gores you but does no damage.
You barely miss the yak.
The yak is severely wounded.
You puncture the yak!
You kill the yak!
Okawaru accepts your kill.
You hit the yak but do no damage.
The yak is almost dead.
The yak gores you!
You die...

♣≈..##.....# .##..##
≈♣.........#####.....###
♣...................>...
.........##.............
.###....###.............
.# ###..# #..##.........
.## #..# #..P##.......#
..####..#.#..###........
..P##...P.....PY@.....##
....#[....###..††....##
.........## ##.†.....#
.......### #..#.##..#
........# ..#### #..#
........# ..# ..#
.........# ..# ..
.........#...
.............


You could see a yak.

Vanquished Creatures
  Harold (D:7)
  2 two-headed ogres
  A gargoyle (D:10)
  A komodo dragon (D:10)
  A queen bee (D:8)
  2 trolls (D:10)
  A hippogriff (D:8)
  A wyvern (D:8)
  Eustachio (D:6)
  12 yaks
  2 hungry ghosts (D:10)
  A water moccasin (D:5)
  2 porcupines (D:9)
  6 orc warriors
  A black bear (D:9)
  5 ice beasts
  2 sky beasts
  An eye of draining (D:10)
  A phantom (D:10)
  3 ogres
  A necrophage (D:7)
  3 centaurs
  7 bullfrogs
  A wyvern zombie (D:6)
  A wyvern skeleton (D:7)
  20 killer bees
  3 scorpions
  11 wights
  4 howler monkeys
  An electric eel (Lair:1)
  5 crimson imps
  A bullfrog zombie (D:9)
  9 hounds
  4 orc priests
  A bullfrog skeleton (D:8)
  4 jellies
  2 centaur skeletons
  5 iguanas
  A gnoll shaman (D:8)
  Crazy Yiuf (D:7)
  5 orc wizards
  8 worker ants
  A killer bee zombie (D:5)
  A hound skeleton (D:5)
  2 howler monkey zombies
  Robin (D:3)
  8 gnolls
  7 adders
  A shadow imp (D:8)
  An adder skeleton (D:8)
  An adder zombie (D:9)
  2 worms
  3 leopard geckos
  37 orcs
  A ball python (D:1)
  5 giant cockroaches
  13 goblins
  17 hobgoblins
  16 jackals
  13 kobolds
  4 quokkas
  5 bats
  4 frilled lizards
  6 rats
294 creatures vanquished.

Notes
Turn   | Place    | Note
-------+----------+-------------------------------------------
     0 | D:1      | kae the Naga Gladiator began the quest for the Orb.
     0 | D:1      | Reached XP level 1. HP: 19/19 MP: 1/1
   351 | D:1      | Reached XP level 2. HP: 26/26 MP: 2/2
   743 | D:1      | Reached XP level 3. HP: 33/33 MP: 3/3
  1073 | D:2      | Noticed Sigmund
  1108 | D:2      | Reached skill level 4 in Polearms
  1949 | D:2      | Reached XP level 4. HP: 37/40 MP: 4/4
  2106 | D:3      | Found a deep blue altar of Sif Muna.
  2166 | D:3      | Found a glowing silver altar of Zin.
  2167 | D:3      | Found an opulent altar of Gozag.
  2861 | D:3      | Reached XP level 5. HP: 49/49 MP: 5/5
  3019 | D:3      | Found a blossoming altar of Fedhas.
  3286 | D:3      | Reached skill level 5 in Polearms
  3299 | D:3      | Noticed Robin
  3332 | D:3      | Killed Robin
  3409 | D:3      | Found a radiant altar of Vehumet.
  3903 | D:4      | Reached XP level 6. HP: 49/57 MP: 6/6
  4460 | D:4      | Reached skill level 6 in Polearms
  4591 | D:5      | Entered Level 5 of the Dungeon
  4599 | D:5      | Found a staircase to the Ecumenical Temple.
  4655 | Temple   | Entered the Ecumenical Temple
  4787 | Temple   | Became a worshipper of Warmaster Okawaru
  4858 | D:5      | Reached XP level 7. HP: 20/66 MP: 7/7
  4868 | D:5      | Reached skill level 1 in Invocations
  4871 | D:5      | HP: 3/66 [orc wizard/+0 dagger (3)]
  4871 | D:5      | HP: 1/66 [orc wizard/+0 dagger (2)]
  4881 | D:5      | Reached skill level 7 in Polearms
  5071 | D:5      | Reached * piety under Okawaru
  5387 | D:5      | Reached skill level 5 in Fighting
  5710 | D:5      | Reached XP level 8. HP: 66/74 MP: 9/9
  6434 | D:6      | Reached skill level 8 in Polearms
  6586 | D:6      | Noticed Eustachio
  6594 | D:6      | Killed Eustachio
  6745 | D:6      | Reached ** piety under Okawaru
  6980 | D:6      | Reached skill level 9 in Polearms
  6980 | D:6      | Reached XP level 9. HP: 80/82 MP: 9/12
  7281 | D:6      | Found a sacrificial altar of Ru.
  7613 | D:7      | Identified a scroll of acquirement
  7669 | D:7      | Found a runed translucent door.
  7670 | D:7      | Noticed Crazy Yiuf
  7754 | D:7      | Noticed Harold
  7773 | D:7      | Killed Harold
  7773 | D:7      | Reached *** piety under Okawaru
  7773 | D:7      | Reached skill level 5 in Invocations
  7802 | D:7      | Found an ornate altar of the Wu Jian Council.
  7802 | D:7      | Found a white marble altar of Elyvilon.
  7807 | D:7      | Found a faded altar of an unknown god.
  7809 | D:7      | Found a shattered altar of Ashenzari.
  7811 | D:7      | Found a sparkling altar of Nemelex Xobeh.
  7869 | D:7      | Reached skill level 10 in Polearms
  7957 | D:7      | Found Arecs's Jewellery Emporium.
  8356 | D:7      | Killed Crazy Yiuf
  8417 | D:8      | Noticed a two-headed ogre
  8423 | D:8      | Killed a two-headed ogre
  8423 | D:8      | Reached XP level 10. HP: 59/93 MP: 14/14
  8592 | D:8      | Reached **** piety under Okawaru
  8636 | D:8      | Reached skill level 11 in Polearms
  9932 | D:8      | Received a gift from Okawaru
 10301 | D:9      | Noticed a two-headed ogre
 10830 | D:9      | Reached skill level 12 in Polearms
 10856 | D:9      | Reached ***** piety under Okawaru
 10856 | D:9      | Reached XP level 11. HP: 86/103 MP: 17/17
 11052 | D:9      | Found a shadowy altar of Dithmenos.
 11067 | D:9      | Killed a two-headed ogre
 11401 | D:9      | Found a staircase to the Lair.
 11445 | D:9      | Found a burning altar of Makhleb.
 11446 | D:9      | Found a shimmering altar of Xom.
 11638 | D:10     | Entered Level 10 of the Dungeon
 11779 | D:10     | Found Geakuny's Weapon Emporium.
 12580 | D:10     | Reached skill level 13 in Polearms
 13537 | D:10     | Received a gift from Okawaru
 13670 | Lair:1   | Entered Level 1 of the Lair of Beasts
 13783 | Lair:1   | HP: 5/108 [yak (10)]
 13792 | Lair:1   | Slain by a yak

Skill      XL: |  1  2  3  4  5  6  7  8  9 10 11 |
---------------+----------------------------------+-----
Polearms       | 4 5 6 7 9 10 12 13 | 13.4
Fighting       | 3 4 5 6 7 8 9 |  9.8
Invocations    | 2 4 6 8 9 |  9.4
Throwing       | |  1.7
Dodging        | |  2.4

Action                   |  1- 3 |  4- 6 |  7- 9 | 10-12 || total
-------------------------+-------+-------+-------+-------++-------
Melee: Trident           |    86 |   272 |    92 |       ||   450
       Glaive            |       |       |    52 |       ||    52
       Demon trident     |       |       |    44 |   462 ||   506
       Punch             |       |       |       |     2 ||     2
Throw: Throwing net      |       |     2 |     1 |       ||     3
Invok: Heroism           |       |       |     3 |     9 ||    12
       Finesse           |       |       |       |     1 ||     1
 Abil: Spit Poison       |    19 |    29 |    11 |    15 ||    74
Evoke: Wand              |       |       |     2 |     1 ||     3
  Use: Scroll            |       |    10 |     4 |     6 ||    20
       Potion            |       |     1 |     1 |     2 ||     4
 Stab: Sleeping          |     3 |     2 |       |     1 ||     6
       Held in net/web   |       |       |     1 |       ||     1
       Distracted        |       |       |       |     1 ||     1
  Eat: Chunk             |     2 |    10 |    10 |    10 ||    32
       Ration            |       |       |       |     2 ||     2
Armor: Leather armour    |    11 |    82 |    46 |   126 ||   265
Dodge: Dodged            |    39 |   145 |    89 |   219 ||   492
